 Dungeon Crawl Stone Soup version 0.26.0-10-g1f06aea511 (webtiles) character file.

Game seed: 14391337252906200456

716 funkygono the Gusty (level 7, -1/50 HPs)
             Began as a Yellow Draconian Air Elementalist on Jan 20, 2021.
             Was an Initiate of Sif Muna.
             Slain by a sky beast (6 damage)
             ... on level 3 of the Dungeon.
             The game lasted 00:12:58 (5639 turns).

funkygono the Gusty (DrAE)                          Turns: 5639, Time: 00:12:59

Health: -1/50      AC:  6    Str: 10    XL:     7   Next: 41%
Magic:  10/14      EV: 12    Int: 17    God:    Sif Muna [......]
Gold:   247        SH:  0    Dex: 12    Spells: 6/16 levels left

rFire    . . .     SeeInvis .   b - +4 short sword
rCold    . . .     Faith    .   (no shield)
rNeg     . . .     Spirit   .   (armour unavailable)
rPois    .         Reflect  .   (helmet restricted)
rElec    .         Harm     .   (no cloak)
rCorr    +         Rampage  .   (no gloves)
Will     .....                  (no boots)
Stlth    ++........             k - amulet of regeneration
HPRegen  0.56/turn              (no ring)
MPRegen  0.14/turn              (no ring)

@: swift, quick
A: spit acid, unfitting armour, cold-blooded, acid resistance, AC +6
a: Breathe Acid, Renounce Religion


You were on level 3 of the Dungeon.
You worshipped Sif Muna.
Sif Muna was noncommittal.
You visited 2 branches of the dungeon, and saw 6 of its levels.

You collected 247 gold pieces.

Inventory:

Hand Weapons
 b - a +4 short sword (weapon)
Magical Staves
 e - an uncursed staff of death
 l - an uncursed staff of conjuration
Jewellery
 k - an amulet of regeneration (around neck)
 p - an uncursed ring of positive energy
Wands
 m - a wand of acid (9)
Scrolls
 g - 2 scrolls of teleportation
 j - 4 scrolls of identify
 n - 3 scrolls of remove curse
Potions
 a - 2 potions of mutation
 c - a potion of ambrosia
 d - 2 potions of curing
 f - a potion of berserk rage
 h - a potion of resistance
 i - a potion of flight


   Skills:
 + Level 0.3 Fighting
 + Level 0.5 Short Blades
 + Level 2.2 Dodging
 + Level 2.3 Stealth
 + Level 0.2 Unarmed Combat
 * Level 5.1 Spellcasting
 * Level 3.5 Conjurations
 * Level 5.3 Air Magic


You had 6 spell levels left.
You knew the following spells:

 Your Spells              Type           Power        Failure   Level
a - Shock                 Conj/Air       76%          2%          1
b - Swiftness             Air            22%          2%          2
c - Static Discharge      Conj/Air       19%          7%          3
d - Airstrike             Air            11%          16%         4

Your spell library contained the following spells:

 Spells                   Type           Power        Failure   Level
 Lightning Bolt           Conj/Air       9%           52%         5


Dungeon Overview and Level Annotations

Branches:
Dungeon (5/15)             Temple (1/1) D:5

Altars:
Ashenzari
Cheibriados
Dithmenos
Elyvilon
Fedhas
Gozag
Hepliaklqana
Makhleb
Nemelex Xobeh
Qazlal
Sif Muna
Trog
Uskayaw
Wu Jian
Xom
Yredelemnul
Zin
The Shining One

Shops:
D:5 [


Innate Abilities, Weirdness & Mutations

You can spit globs of acid.
Your golden yellow scales are hard. (AC +6)
You cannot fit into any form of body armour.
You are cold-blooded and may be slowed by cold attacks.
You are resistant to acid. (rCorr)


Message History

The sky beast flickers out of sight!
Deactivating autopickup; reactivate with Ctrl-A.
You have got your breath back.
You see here a leather armour.
Something hits you but does no damage.
There is an open door here.
There is a stone staircase leading up, spattered with blood here.
Something hits you.
* * * LOW HITPOINT WARNING * * *
Something shocks you.
* * * LOW HITPOINT WARNING * * *
You climb upwards.
Reactivating autopickup.
There is a stone staircase leading down here.
Casting: Shock (safe; 2% risk of failure)
Confirm with . or Enter, or press ? or * to list all spells.
You feel quick. Something hits you.
* * * LOW HITPOINT WARNING * * *
Something shocks you.
You die...

###.#
#.##.....#.#...#....#.#
# ###.#
#.####.#.#.....###....#
# ....# #....#...####[.#
#..).# # .####
####.###.......# ####.#
# .# #.# ####.#.##
####.### .# #.#
#...##.## #<...#.. .#
###.###.......# #.#####.
.# #.....{.......#
#....... .#
#.#....@....#.###.######
.# #.#..>......#.[.)...#
.# #....##############.#
## ###### #.# .# #####
#.# .# #...# #.# .#
#.#.# #.#### ## #.#.#
#..... ####.#.# ######


There were no monsters in sight!

Vanquished Creatures
  An ogre (D:4)
  Blork the orc (D:5)
  A bullfrog (D:5)
  A wyvern zombie (D:4)
  A scorpion (D:4)
  2 howler monkeys
  A centaur zombie (D:5)
  A hound (D:3)
  An orc wizard (D:4)
  An iguana (D:4)
  2 worker ants
  3 adders
  4 gnolls
  3 oozes
  An adder skeleton (D:4)
  2 worms
  3 leopard geckos
  5 orcs
  2 ball pythons
  3 bats
  5 giant cockroaches
  5 goblins
  4 hobgoblins
  11 jackals
  3 kobolds
  4 frilled lizards
  A leopard gecko skeleton (D:4)
  3 rats
75 creatures vanquished.

Notes
Turn   | Place    | Note
-------+----------+-------------------------------------------
     0 | D:1      | funkygono the Draconian Air Elementalist began the quest
                  | for the Orb.
     0 | D:1      | Reached XP level 1. HP: 14/14 MP: 3/3
   202 | D:1      | Reached XP level 2. HP: 14/20 MP: 0/5
  1404 | D:2      | Reached XP level 3. HP: 26/26 MP: 0/6
  2360 | D:2      | Learned a level 2 spell: Swiftness
  2364 | D:2      | Learned a level 3 spell: Static Discharge
  2620 | D:3      | Reached XP level 4. HP: 28/33 MP: 2/8
  3064 | D:3      | Found a faded altar of an unknown god.
  3712 | D:4      | Noticed an ogre
  3724 | D:4      | Killed an ogre
  3725 | D:4      | Reached XP level 5. HP: 31/38 MP: 1/10
  3730 | D:4      | Learned a level 4 spell: Airstrike
  4151 | D:4      | Reached XP level 6. HP: 45/45 MP: 4/12
  4553 | D:3      | Reached skill level 5 in Air Magic
  4858 | D:4      | Your scales start taking on a golden yellow colour.
  4858 | D:4      | Reached XP level 7. HP: 47/50 MP: 5/14
  4858 | D:4      | Gained mutation: You are resistant to acid. (rCorr) [Yellow
                  | Draconian growth]
  5068 | D:5      | Entered Level 5 of the Dungeon
  5166 | D:5      | Found Zonowk's Antique Armour Boutique.
  5309 | D:5      | Found a staircase to the Ecumenical Temple.
  5323 | Temple   | Entered the Ecumenical Temple
  5383 | Temple   | Became a worshipper of Sif Muna the Loreminder
  5516 | D:5      | Noticed Blork the orc
  5523 | D:5      | Killed Blork the orc
  5524 | D:5      | Reached skill level 5 in Spellcasting
  5639 | D:3      | Slain by a sky beast

Illustrated notes

Levels and vault maps discovered:
D:1:      mrwooster_arrival_statue, layout_loops_cross, serial_rivers,
          chequers_serial_rivers_small_3, chequers_serial_rivers_micro_b,
          chequers_serial_rivers_large_b, chequers_serial_rivers_small_3
D:2:      layout_basic, serial_glass, glass_columns_c, glass_columns_c,
          glass_columns_a, glass_columns_a, glass_columns_b
D:3:      layout_basic, chequers_ecumenical_altar_island, minmay_statues_item,
          grunt_decor_clamped
D:4:      layout_gridville
D:5:      layout_cave_pools, grunt_temple_overflow_open,
          minmay_temple_entry_sparse_star, serial_shops, shop,
          mrwooster_statue_mirror, st_stairs_8, uniq_blork_the_orc
Temple:   regret_index_temple_mists

Skill      XL: |  1  2  3  4  5  6  7 |
---------------+----------------------+-----
Spellcasting   | 3 4 5 |  5.1
Conjurations   | 2 3 |  3.5
Air Magic      | 4 5 |  5.3
Dodging        | 2 |  2.2
Stealth        | 2 |  2.3
Fighting       | |  0.3
Short Blades   | |  0.5
Unarmed Combat | |  0.2

Action                   |  1- 3 |  4- 6 |  7- 9 || total
-------------------------+-------+-------+-------++-------
Melee: Unarmed           |    17 |       |       ||    17
       Short sword       |     1 |    14 |     6 ||    21
 Cast: Shock             |    87 |   105 |    35 ||   227
       Static Discharge  |       |     7 |     1 ||     8
       Swiftness         |       |       |     1 ||     1
 Abil: Breathe Acid      |       |       |     4 ||     4
  Use: Scroll            |    10 |     5 |     4 ||    19
Armor: Skin              |    12 |    10 |     4 ||    26
Dodge: Dodged            |    31 |    31 |    10 ||    72
